 Dungeon Crawl Stone Soup version 0.27.1-34-g3ba077fa99 (webtiles) character file.

Game seed: 11783024566062713080

383 sankara the Ruffian (level 6, 0/51 HPs)
             Began as a Minotaur Transmuter on Jan 18, 2022.
             Was an Initiate of Okawaru.
             Slain by a hornet zombie (13 damage)
             ... on level 5 of the Dungeon.
             The game lasted 00:09:52 (5893 turns).

sankara the Ruffian (Minotaur Transmuter)           Turns: 5893, Time: 00:09:52

Health: 0/51       AC:  2    Str: 15    XL:     6   Next: 47%
Magic:  2/7        EV: 20    Int: 12    God:    Okawaru [......]
Gold:   153        SH:  0    Dex: 15    Spells: 2/8 levels left

rFire    . . .     SeeInvis .     - Unarmed
rCold    . . .     Faith    .   (shield currently unavailable)
rNeg     . . .     Spirit   .   (armour currently unavailable)
rPois    x         Reflect  .   (helmet currently unavailable)
rElec    .         Harm     .   (cloak currently unavailable)
rCorr    .         Rampage  .   (gloves currently unavailable)
Will     .....                  (boots currently unavailable)
Stlth    +.........             (no amulet)
HPRegen  0.17/turn              n - ring of flight
MPRegen  0.10/turn              (no ring)

@: spider-form, flying
A: venomous fangs, tiny, (horns 2), (retaliatory headbutt)
a: End Transformation, Renounce Religion


You were on level 5 of the Dungeon.
You worshipped Okawaru.
Okawaru was noncommittal.
You were a venomous arachnid creature.
You visited 2 branches of the dungeon, and saw 6 of its levels.

You collected 153 gold pieces.

Inventory:

Missiles
 d - 105 stones
 g - 12 bolts
 h - 2 atropa-tipped darts
 j - 19 poisoned darts
 k - 16 arrows
Armour
 l - a +0 buckler
 p - a +2 animal skin (melded)
Jewellery
 n - a ring of flight (left front leg)
Scrolls
 a - a scroll of blinking {unknown}
 c - a scroll of fog {unknown}
 e - 4 scrolls of teleportation {unknown}
 i - 2 scrolls of identify {unknown}
 m - 3 scrolls of fear {unknown}
 o - a scroll of magic mapping {unknown}
 r - a scroll of enchant weapon {unknown}
 t - a scroll of holy word {unknown}
Potions
 b - a potion of attraction {unknown}
 f - a potion of resistance {unknown}
 q - a potion of magic {unknown}
 s - a potion of flight {unknown}


   Skills:
 + Level 3.2 Fighting
 + Level 3.6 Dodging
 * Level 5.2 Unarmed Combat
 - Level 1.5 Spellcasting
 * Level 3.0 Transmutations
 * Level 1.4 Poison Magic


You had 2 spell levels left.
You knew the following spells:

 Your Spells              Type           Power      Damage    Failure   Level
a - Beastly Appendage     Tmut           16%        N/A       22%         1
b - Wereblood             Tmut           8%         N/A       28%         2
c - Spider Form           Tmut/Pois      3%         N/A       56%         3

Your spell library contained the following spells:

 Spells                   Type           Power      Damage    Failure   Level
 Gell's Gravitas          Tloc           0%         N/A       83%         3
 Lesser Beckoning         Tloc           0%         N/A       83%         3
 Teleport Other           Tloc           0%         N/A       83%         3
 Ice Form                 Ice/Tmut       4%         N/A       94%         4
 Summon Lightning Spire   Summ/Air       0%         N/A       99%         4
 Storm Form               Tmut/Air       2%         N/A       100%        7
 Maxwell's Capacitive Co  Air            0%         ∞         100%        8


Dungeon Overview and Level Annotations

Branches:
Dungeon (5/15)             Temple (1/1) D:4

Altars:
Cheibriados
Dithmenos
Elyvilon
Fedhas
Hepliaklqana
Okawaru
Qazlal
Ru
Sif Muna
Trog
Uskayaw
Wu Jian
Zin
The Shining One

Annotations:
D:4 2 transporters, Raspi's ghost, amateur TeBr


Innate Abilities, Weirdness & Mutations

You are a venomous arachnid creature.
You have poisonous fangs.
You are tiny and dextrous.
Your spellcasting is less reliable in this form.
Your armour is entirely melded.
You are incapable of wielding weapons or throwing items.
((You have a pair of horns on your head.))
((You reflexively headbutt those who attack you in melee.))


Message History

Your transformation has ended.
Your +2 animal skin unmelds from your body.
The hornet zombie hits you!
You barely miss the hornet zombie.
The hornet zombie is severely damaged.
The hornet zombie hits you. The hornet zombie hits you!
* * * LOW HITPOINT WARNING * * *
You are too injured to fight recklessly!
You are too injured to fight recklessly!
Casting: Spider Form (quite dangerous; 34% risk of failure)
Confirm with . or Enter, or press ? or * to list all spells.
The spell is quite dangerous to cast (34% risk of failure)!
Continue anyway?
You turn into a venomous arachnid creature.
Your +2 animal skin melds into your body.
The hornet zombie completely misses you.
You barely miss the hornet zombie.
The hornet zombie is severely damaged.
The hornet zombie barely misses you.
You bite the hornet zombie!
The hornet zombie is severely damaged.
The hornet zombie barely misses you.
Unknown command.
You barely miss the hornet zombie.
The hornet zombie is severely damaged.
The hornet zombie completely misses you.
You barely miss the hornet zombie.
The hornet zombie is severely damaged.
The hornet zombie barely misses you.
You hit the hornet zombie but do no damage.
The hornet zombie is severely damaged.
The hornet zombie completely misses you.
The hornet zombie hits you.
* * * LOW HITPOINT WARNING * * *
You hit the hornet zombie.
The hornet zombie is almost destroyed.
The hornet zombie misses you.
You barely miss the hornet zombie.
The hornet zombie is almost destroyed.
The hornet zombie hits you!
You die...

........# ..$$
..##.##.## ..=.
#.##.##.#. ...#
#.##.##.#. #..#
#.##.##.#. #.$#
#.##.##<#. # #..#
#....##.#.
.#..###Z.#
#..##...#.
.......s.#
#..##.#...
.#..###.##
##..##.#.##
#..###.####
#..[##.#.#
#.........#
#.#.##.#.#
#.####.##.#
#.#.##.#.#
#.##.###.#.##.#..
#.##..........#>.
..######.#.#####.
.........#...#


You could see a hornet zombie.

Vanquished Creatures
  A centaur skeleton (D:4)
  A bullfrog zombie (D:3)
  A gnoll shaman (D:4)
  A hound (D:4)
  An iguana (D:5)
  An orc wizard (D:4)
  Robin (D:4)
  5 adders
  4 gnolls (D:4)
  A shadow imp (D:5)
  2 adder skeletons (D:4)
  2 worms (D:3)
  3 dart slugs
  5 orcs
  5 ball pythons
  6 endoplasms
  3 giant cockroaches
  13 goblins
  7 hobgoblins
  7 jackals
  5 kobolds
  2 quokkas
  4 bats
  3 frilled lizards
  10 rats
94 creatures vanquished.

Notes
Turn   | Place    | Note
-------+----------+-------------------------------------------
     0 | D:1      | sankara the Minotaur Transmuter began the quest for the
                  | Orb.
     0 | D:1      | Reached XP level 1. HP: 16/16 MP: 1/1
   167 | D:1      | Reached XP level 2. HP: 11/23 MP: 0/3
   171 | D:1      | Learned a level 2 spell: Wereblood
   727 | D:1      | Reached XP level 3. HP: 26/29 MP: 2/4
  1135 | D:2      | Reached skill level 4 in Unarmed Combat
  1798 | D:2      | Reached XP level 4. HP: 35/36 MP: 3/5
  2254 | D:3      | Found a faded altar of an unknown god.
  2259 | D:3      | Learned a level 3 spell: Spider Form
  3005 | D:3      | Reached XP level 5. HP: 42/42 MP: 4/6
  3737 | D:4      | Noticed Robin
  4199 | D:4      | Killed Robin
  4248 | D:4      | Found a staircase to the Ecumenical Temple.
  4316 | Temple   | Entered the Ecumenical Temple
  4323 | Temple   | Became a worshipper of Warmaster Okawaru
  4465 | D:4      | Found a shadowy altar of Dithmenos.
  4666 | D:4      | Noticed Raspi's ghost (amateur TeBr)
  4679 | D:4      | Found a transporter.
  4857 | D:4      | Found a transporter.
  4879 | D:4      | Reached skill level 5 in Unarmed Combat
  4879 | D:4      | Reached skill level 1 in Poison Magic
  4883 | D:4      | Reached XP level 6. HP: 41/51 MP: 4/7
  5729 | D:5      | Entered Level 5 of the Dungeon
  5893 | D:5      | Slain by a hornet zombie

Illustrated notes

Levels and vault maps discovered:
D:1:      dpeg_arrival_line_fractal, layout_loops_ring
D:2:      layout_loops_ring, minmay_misc_feat_encased, minmay_tetromino_i2
D:3:      layout_basic, hellmonk_ecumenical_altar_crossroads
D:4:      layout_basic, nicolae_dithmenos_shadow_blocks,
          minmay_temple_entry_statues_fountains, gammafunk_ghost_stat_death,
          uniq_robin
D:5:      layout_loops_ring, overflow_temple_1_default, gammafunk_ghost_grave,
          serial_shops, nicolae_shop_crystal, corexii_hall_statues_s,
          minmay_misc_feat_five, chequers_avenue
Temple:   cyrus_circular_temple

Skill      XL: |  1  2  3  4  5  6 |
---------------+-------------------+-----
Fighting       | 2 3 |  3.2
Unarmed Combat | 4 5 |  5.2
Transmutations | 2 3 |  3.0
Dodging        | 3 |  3.6
Poison Magic   | 1 |  1.4
Spellcasting   | |  1.5

Action                   |  1- 3 |  4- 6 || total
-------------------------+-------+-------++-------
Melee: Unarmed           |    80 |   179 ||   259
       Headbutt          |    18 |     7 ||    25
       Kick              |     9 |     7 ||    16
       Punch             |     2 |     1 ||     3
 Cast: Beastly Appendage |    26 |    11 ||    37
       Spider Form       |       |    21 ||    21
  Use: Potion            |       |     1 ||     1
Armor: Robe              |    12 |     2 ||    14
       Skin              |       |     6 ||     6
       Animal skin       |       |     2 ||     2
Dodge: Dodged            |    52 |   170 ||   222
